 Seeded DCSS version 0.28.0-47-ge53b351184 (webtiles) character file.

Game seed: 523019199727972820 (custom seed)

378 thiscave3701365 the Chopper (level 6, -3/56 HPs)
             Began as a Minotaur Berserker on May 9, 2022.
             Was a Believer of Trog.
             Killed from afar by an orc wizard (6 damage)
             ... with a magic dart
             ... on level 4 of the Dungeon.
             The game lasted 00:04:30 (4583 turns).

thiscave3701365 the Chopper (Minotaur Berserker)    Turns: 4583, Time: 00:04:30

Health: -3/56      AC:  2    Str: 23    XL:     6   Next: 45%
Magic:  5/5        EV: 13    Int:  4    God:    Trog [**....]
Gold:   198        SH:  0    Dex: 10    Spells: 5/5 levels left

rFire   . . .      SeeInvis .   a - +0 hand axe
rCold   . . .      Faith    .   (no shield)
rNeg    . . .      Spirit   .   b - +0 animal skin
rPois   .          Reflect  .   (helmet restricted)
rElec   .          Harm     .   (no cloak)
rCorr   .          Rampage  .   (no gloves)
Will    .....                   (no boots)
Stlth   +.........              (no amulet)
HPRegen 0.18/turn               (no ring)
MPRegen 0.09/turn               (no ring)

@: confused, on berserk cooldown, slowed, very slow
A: horns 2, retaliatory headbutt
a: Renounce Religion, Berserk, Trog's Hand


You were on level 4 of the Dungeon.
You worshipped Trog.
Trog was pleased with you.
You visited 1 branch of the dungeon, and saw 4 of its levels.

You collected 198 gold pieces.

Inventory:

Hand Weapons
 a - a +0 hand axe (weapon)
Missiles
 i - 2 throwing nets
Armour
 b - a +0 animal skin (worn)
Jewellery
 g - an amulet of faith
 j - a ring of poison resistance
 r - an amulet of guardian spirit
Scrolls
 c - 2 scrolls of fog {unknown}
 e - 4 scrolls of teleportation {unknown}
 k - a scroll of identify {unknown}
 l - a scroll of amnesia {unknown}
 m - a scroll of fear {unknown}
 n - a scroll of blinking {unknown}
 o - 2 scrolls of vulnerability {unknown}
Potions
 d - a potion of curing {unknown}
 f - a potion of berserk rage {unknown}
 h - a potion of resistance {unknown}
 p - a potion of invisibility {unknown}
 q - a potion of might
 s - a potion of heal wounds {unknown}


   Skills:
 + Level 5.3 Fighting
 + Level 5.4 Axes
 + Level 4.6 Armour
 + Level 4.2 Dodging


You had 5 spell levels left.
You didn't know any spells.
Your spell library was empty.

Dungeon Overview and Level Annotations

Branches:
Dungeon (4/15)
 Temple: D:4-7

Altars:
Ashenzari

Annotations:
D:3 3 runed translucent doors, qwertyui's ghost, amateur MiFi


Innate Abilities, Weirdness & Mutations

You have a pair of horns on your head.
You reflexively headbutt those who attack you in melee.


Message History

Something hits you.
* * * LOW HITPOINT WARNING * * *
You feel your anger nearly subside. Something hits you.
* * * LOW HITPOINT WARNING * * *
You are no longer berserk.
You are exhausted.
You feel yourself slow down. Something barely misses you.
You miss something. You headbutt something. Something barely misses you.
You miss something. Your headbutt misses something. Something hits you.
* * * LOW HITPOINT WARNING * * *
You hear some strange, mumbled words.
A puff of flame appears from out of thin air!
The puff of flame hits you!
* * * LOW HITPOINT WARNING * * *
You miss something. Your punch misses something.
You hear some strange, mumbled words.
Something tries to affect you, but you resist.
You hit something. Your headbutt misses something. Your punch misses something.
You hear some strange, mumbled words.
You are confused.
You hear some strange, mumbled words.
Something tries to affect you, but you resist.
Something hits you.
* * * LOW HITPOINT WARNING * * *
You hear some strange, mumbled words.
Something tries to affect you, but you resist.
Something hits you.
* * * LOW HITPOINT WARNING * * *
You feel less confused. Something barely misses you. Something hits you.
* * * LOW HITPOINT WARNING * * *
Something hits you.
* * * LOW HITPOINT WARNING * * *
You hear some strange, mumbled words.
You are confused.
You hear some strange, mumbled words.
A magic dart appears from out of thin air!
The magic dart hits you.
You die...

#.###############
##.##.#..#.......#
#..>.........##### #
#........##### .#
#.###..#.##########.#
#...##'#..##........##.#
##...#..#..##)...........
.....#..#..##....{..###.#
######..#...)...@...#
....##..#..##.......#
....##).######......#
#..##8..8##..#......#
#..)......'..########
#..#..##).#..#
#..########..#
....#(...#...#
....#....#...#


There were no monsters in sight!

Vanquished Creatures
  A phantom (D:4)
  A howler monkey (D:4)
  An orc priest (D:4)
  A gnoll shaman (D:4)
  A hound (D:4)
  An orc wizard (D:4)
  A hound skeleton (D:4)
  A gnoll (D:1)
  5 adders
  An adder skeleton (D:4)
  2 worms
  A dart slug (D:4)
  4 orcs (D:4)
  11 endoplasms
  3 giant cockroaches
  3 goblins
  5 hobgoblins
  5 quokkas
  8 ball pythons
  6 bats
  A frilled lizard (D:1)
  7 kobolds
  8 rats
78 creatures vanquished.

Notes
Turn   | Place    | Note
-------+----------+-------------------------------------------
     0 | D:1      | thiscave3701365 the Minotaur Berserker began the quest for
                  | the Orb.
     0 | D:1      | Reached XP level 1. HP: 19/19 MP: 0/0
   374 | D:1      | Reached XP level 2. HP: 27/27 MP: 1/1
   961 | D:1      | Found a faded altar of an unknown god.
  1670 | D:2      | Reached XP level 3. HP: 33/33 MP: 2/2
  2310 | D:2      | Found a broken altar of Ashenzari.
  2993 | D:3      | Reached XP level 4. HP: 40/40 MP: 3/3
  3055 | D:3      | Reached ** piety under Trog
  3139 | D:3      | Found a runed translucent gate.
  3155 | D:3      | Found a runed translucent gate.
  3155 | D:3      | Found a runed translucent gate.
  3188 | D:3      | Noticed qwertyui's ghost (amateur MiFi)
  3856 | D:4      | Reached XP level 5. HP: 46/47 MP: 4/4
  4041 | D:4      | Reached skill level 5 in Fighting
  4041 | D:4      | Reached skill level 5 in Axes
  4042 | D:4      | Noticed a phantom
  4052 | D:4      | Killed a phantom
  4053 | D:4      | Reached XP level 6. HP: 32/56 MP: 5/5
  4582 | D:4      | HP: 2/56 [something (2)]
  4583 | D:4      | Killed from afar by an orc wizard

Illustrated notes

Levels and vault maps discovered:
D:1:      minmay_arrival_floating_metal, layout_loops_corners,
          shapermc_ecumenical_altar_notcrosses, minivault_11
D:2:      layout_basic, basic_altar
D:3:      layout_basic, gammafunk_ghost_icy
D:4:      minmay_chambers_of_twos, layout_loops_cross,
          minmay_temple_entry_fiery, minmay_fractal_squares_5, uniq_ijyb

Skill      XL: |  1  2  3  4  5 |
---------------+----------------+-----
Fighting       | 4 5 |  5.3
Axes           | 4 5 |  5.4
Armour         | 3 4 |  4.6
Dodging        | 3 4 |  4.2

Action                   |  1- 3 |  4- 6 || total
-------------------------+-------+-------++-------
Melee: Hand axe          |    92 |    91 ||   183
       Headbutt          |    11 |    11 ||    22
       Punch             |     1 |     2 ||     3
Invok: Berserk           |     2 |     3 ||     5
 Stab: Sleeping          |     2 |       ||     2
Armor: Animal skin       |    17 |    17 ||    34
Dodge: Dodged            |    53 |    53 ||   106
